Unix NetHack Version 5.0.0-0 post-release - last build May 23 2026 06:08:33 (1c0ff79ee797540d5714e4e18072db0edd9e58ae,branch:main).

Game began 2026-05-19 09:43:35, ended 2026-05-27 19:55:04.

Evilparsnips, chaotic male human Priest

 -----------------------------------------------------------------------------
 |.....|...........232...|.DD3..}........................}.....|.|.....|.....|
 |.|.|.|..--------------5.@J2.-------}.-----------------}---.|.|.|.-.---.}--}|
 |.|.|..}..........|.....|R----------------------------|.....|...|.........}}|
 |--}}--...-------.|.--.---|.......|..|.........|.....||.|}-------.-}.--}}}}}|
 |..}}}..|.|.....|.|.3}..3.|2......|..|.}}}}}}}.|.....||.|...|......}}.}}}.|.|
 |.--}}}-|.|.---.----......|.......|..|.}}---}}.|.....||----.|.--}}}}}}}}-.|.|
 |...|}}}|...|.|}......|.|.|.3.....|..|.}--.--}.|---..|-....}}}}}}}..|.}...|.|
 |.|.--}}}.---.--.----.|.|.|.......|..|.}|.<.|}.|..|..|}}}}}}}--...----.---|.|
 |.|...|}}...........|.|.|.|.......|..|.}--.--}.|..|..|}.........|.|.......|.|
 |.|.---}}}-----.-----.|.|.|----------|.}}---}}.|..|..|}.-------.|.|.-----.|.|
 |.|.|...}}}}|...|.....|...|..........|.}}}}}}}.|..|..|}.|.....|...|...|.....|
 |.|.|.---}}}}}}}}}}}-.--..|..........|.........|..|..|---.---.----|.|.----..|
 |.|.|.|...|}}}}}}}}}}}}.}.|---------------------..|..||...|.|.....|.|...|.-}|
 |.|.|.|--.|--.|.---}}}}}}.|..........|............|..||.--|.-----.|----.|...|
 |.|...|...|.|.|.|.|.}}}}}}----------------------------|...|.....|.|...|.|...|
 |.-----..--.|.|....-----}}}}-----}}-------------}--------.|.|.---.|.|.|.|.--|
 |.......}.......|}........}}}}}}}}}}}................>....|.|.......|...|...|
 -----------------------------------------------------------------------------
Evilparsnips the Canon       St:18/18 Dx:20 Co:17 In:9 Wi:18 Ch:8  Chaotic
Dlvl:40 $:0  HP:0(168) Pw:41(220) AC:-32 Xp:18/1314043 T:44758  Fly

Latest messages:
 The black blade draws the life from the storm giant!  The gas cloud around you dissipates.
 The black blade draws the life from the storm giant!  The storm giant hits!  The green dragon misses!  The green dragon misses!  The green dragon hits!  The black dragon bites!  The black dragon hits!  The black dragon hits again!
 The disenchanter misses!
 The black blade draws the life from the storm giant!  You kill the storm giant!  The gas cloud around you dissipates.
 The black blade draws the life from the green dragon!  The green dragon bites!  The green dragon hits!  The green dragon knocks you backward with a powerful blow!  You stagger...
 The black dragon picks up 8 uncursed worthless pieces of yellow glass.  The disenchanter hits!  Your eyes sting.  You cough!  The gas cloud around you dissipates.
 You hit the disenchanter.  The disenchanter hits!
 What do you want to use or apply? [adgqxFL or ?*] q
 Nothing seems to happen.  You feel a bit steadier now.  You can see again.  The gas cloud around you dissipates.
 Fly into that poison gas cloud? [yn] (n) y
 There is a poison gas cloud here.  There is a staircase up to level 39 here.  You see here an uncursed bag of holding containing 128 items.  The jabberwock misses!  The jabberwock misses!  The jabberwock misses!  The jabberwock misses!
 The disenchanter hits!
 The black blade draws the life from the green dragon!  The gas cloud around you dissipates.
 The black blade draws the life from the green dragon!  The jabberwock bites!  The jabberwock bites again!  The jabberwock hits!  The jabberwock hits again!  The green dragon misses!  The green dragon misses!  The green dragon misses!
 The disenchanter hits!
 The black blade draws the life from the green dragon!  The jabberwock bites!  The jabberwock bites again!  The jabberwock hits!  The jabberwock hits again!  The green dragon misses!  The green dragon hits!
 The green dragon knocks you backward with a powerful blow!  Ouch!  The disenchanter hits!  The black dragon bites!  The black dragon hits!  The black dragon misses!  The disenchanter misses!
 Really save? [yn] (n) y
 Saving...
 Restoring save file...
 Hello Evilparsnips, the human Priest, welcome back to NetHack!
 It is hot here.
 You smell smoke...
 A mysterious force prevents you from teleporting!
 The jabberwock bites!
 The jabberwock bites again!
 The jabberwock hits!
 The jabberwock hits again!
 The black dragon bites!
 The black dragon hits!
 The black dragon hits again!
 The disenchanter misses!
 What do you want to zap? [dxL or ?*] <esc>
 Never mind.
 What do you want to zap? [dxL or ?*] x
 In what direction? >
 You dig a pit in the floor.
 What do you want to zap? [dxL or ?*] ?
 In what direction? 4
 The jabberwock misses!
 The jabberwock misses!
 The jabberwock hits!
 The jabberwock hits again!
 You die...
 Do you want your possessions identified? [ynq] (y) y
 Do you want to see your attributes? [ynq] (y) y
 Do you want an account of creatures vanquished? [ynaq] (y) y
 Do you want a list of extinct species? [ynaq] (y) y
 Do you want to see your conduct and achievements? [ynq] (y) y
 Do you want to see the dungeon overview? [ynq] (y) y

Inventory:
 Amulets  ('"')
  P - an uncursed amulet of flying (being worn)
 Weapons  (')')
  j - the blessed +7 Demonbane (alternate weapon; not wielded)
  h - the blessed rustproof +7 Stormbringer (weapon in right hand)
 Armor    ('[')
  E - the blessed tempered +0 Mitre of Holiness (being worn)
  B - a blessed +4 pair of gauntlets of dexterity (being worn)
  X - a cursed +0 pair of speed boots (being worn)
  I - a blessed +4 shield of reflection (being worn)
  e - a blessed fireproof +4 cloak of protection (being worn)
  T - a blessed greased +4 gray dragon scale mail (being worn)
 Comestibles  ('%')
  b - an uncursed lizard corpse
 Rings    ('=')
  c - an uncursed ring of free action (on left hand)
  D - an uncursed ring of shock resistance
  J - an uncursed ring of teleport control (on right hand)
 Wands    ('/')
  d - a blessed wand of cancellation (0:0)
  L - an uncursed wand of cancellation (0:7)
  x - an uncursed wand of digging (0:4)
 Tools    ('(')
  F - the uncursed Bell of Opening (0:3)
  g - an uncursed skeleton key
  a - an uncursed towel
  q - an uncursed +0 unicorn horn
 Gems/Stones  ('*')
  z - a blessed luckstone

Evilparsnips the Priest's attributes:

Background:
 You were a Canon, a level 18 human Priest.
 You were chaotic, on a mission for Mars
 who was opposed by Mercury (lawful) and Venus (neutral).
 You were right-handed.
 You were in Gehennom, on level 40.
 You entered the dungeon 44758 turns ago.
 You had 1314043 experience points, 1245957 more were needed for level 19.

Basics:
 You had 0 out of 168 hit points.
 You had 41 out of 220 energy points (spell power).
 Your armor class was -32.
 Your wallet was empty.
 Autopickup was off.

Final Characteristics:
 Your strength was 18/18 (limit:18/100).
 Your dexterity was 20 (base:16, peak:17, innate limit:18).
 Your constitution was 17 (peak:18, limit:18).
 Your intelligence was 9 (limit:18).
 Your wisdom was 18 (limit:18).
 Your charisma was 8 (limit:18).

Final Status:
 You were flying.
 You weren't hungry.
 You were unencumbered.
 You were wielding a broadsword.
 You had basic skill with broadsword.

Final Attributes:
 You were the Glory of Arioch.
 You were piously aligned.
 You were magic-protected.
 You were fire resistant.
 Your items were protected from fire.
 You were cold resistant.
 You were sleep resistant.
 You were shock resistant.
 You were poison resistant.
 You were level-drain resistant.
 You saw invisible.
 You were telepathic.
 You were warned.
 You were stealthy.
 You could teleport.
 You had teleport control.
 You had a moderate defense bonus (+9).
 You were protected.
 You were very fast.
 You had reflection.
 You had free action.
 You were extremely lucky.
 You had extra luck.
 Good luck did not time out for you.
 You are dead.

Miscellaneous:
 You didn't encounter any bones levels.
 Total elapsed playing time was 1 day, 21 hours, 32 minutes and 33 seconds.

Major events:
 Turn
    1: Evilparsnips the chaotic human Priest entered the dungeon
  100: attained the rank of Acolyte (level 3)
 1174: entered the Gnomish Mines
 2549: attained the rank of Adept (level 6)
 3096: reached Mine Town
 5417: entered Sokoban
 5810: completed 1st Sokoban level
 6433: completed 2nd Sokoban level
11235: acquired the Mines' End luckstone
13150: completed 3rd Sokoban level
14060: completed 4th Sokoban level
14303: acquired the Sokoban amulet of reflection
14912: made his first wish - "Blessed greased +2 gray dragon scale mail", got "a blessed greased gray dragon scale mail"
15585: was bestowed with Demonbane by Mars
16517: attained the rank of Priest (level 10)
17580: entered the Bigroom
21398: killed Changdu, the health food store proprietrix
21517: killed Sarnen, the liquor emporium proprietrix
22000: killed Balya, the used armor dealership proprietor
22317: killed Semai, the delicatessen proprietor
23411: entered Home 1, the Quest
29885: killed Cire Htims, the hardware store proprietor
30133: was bestowed with Fire Brand by Mars
33242: consulted the Oracle
35918: killed Medusa
39932: was chosen to steal souls for the Glory of Mars
39932: was bestowed with Stormbringer
39965: killed Yeenoghu
40744: wished for "Blessed Magic Marker", got "a blessed magic marker"
40748: attained the rank of Curate (level 14)
40752: wished for "Blessed ring of free action", got "a blessed brass ring"
41187: the Arch Priest has granted access to proceed deeper into the quest
41219: entered Home 2, the Quest
41495: entered Home 3, the Quest
41846: entered Home 4, the Quest
42105: entered Home 5, the Quest
42162: entered Home 6, the Quest
42272: found the Mitre of Holiness on the floor
42276: killed Nalzok
42278: acquired the Bell of Opening
42958: entered Gehennom
43638: killed Asmodeus
43686: killed Juiblex
43712: attained the rank of Canon (level 18)
44102: killed Baalzebub
44252: killed Orcus
44758: killed by a jabberwock

Spells:
 Name                 Level Category     Fail Retention
 light                  1   clerical      76%    (gone)
 detect monsters        1   divination    76%   41%-42%
 remove curse           3   clerical      17%    (gone)
 healing                1   healing       71%    (gone)
 invisibility           4   escape       100%    (gone)
 polymorph              6   matter       100%    (gone)
 confuse monster        1   enchantment   76%    1%-25%
 detect treasure        4   divination    76%   27%-28%
 protection             1   clerical      76%   51%-55%
 cause fear             3   enchantment   94%   51%-75%
 magic mapping          5   divination    76%   51%-52%
 identify               3   divination    76%   61%-62%

Skills:
 Fighting Skills
   bare handed combat [Unskilled]
 Weapon Skills
   broadsword         [Basic]
   long sword         [Unskilled]
   club               [Unskilled]
   mace               [Expert]
   morning star       [Unskilled]
   flail              [Unskilled]
   hammer             [Unskilled]
   quarterstaff       [Unskilled]
   polearms           [Unskilled]
   spear              [Unskilled]
   trident            [Unskilled]
   lance              [Unskilled]
   bow                [Unskilled]
   sling              [Unskilled]
   crossbow           [Unskilled]
   dart               [Unskilled]
   shuriken           [Unskilled]
   boomerang          [Unskilled]
   unicorn horn       [Unskilled]
 Spellcasting Skills
   healing spells     [Unskilled]
   divination spells  [Expert]
   clerical spells    [Skilled]

Voluntary challenges:
 Character rerolling was not enabled.
 You never genocided any monsters.
 You used 3 wishes.
 You did not wish for any artifacts.
 You did not violate any of the special Sokoban rules.
Achievements:
 You attained the rank of Acolyte.
 You entered a shop.
 You entered the Gnomish Mines.
 You attained the rank of Adept.
 You entered Minetown.
 You entered a temple.
 You entered Sokoban.
 You completed the Gnomish Mines.
 You completed Sokoban.
 You attained the rank of Priest.
 You entered the Big Room.
 You consulted the Oracle of Delphi.
 You defeated Medusa.
 You learned the tune to open and close the Castle's drawbridge.
 You attained the rank of Curate.
 You had the Bell of Opening.
 You entered Gehennom.
 You attained the rank of Canon.

 The Dungeons of Doom: levels 1 to 25
    Level 1:
       An altar to Mars.
    Level 2: "-"
       An untended shop, a fountain.
       Stairs down to The Gnomish Mines.
    Level 3:
       A potion shop, an altar.
    Level 4:
    Level 5:
    Level 6:
    Level 7:
       Some fountains.
       Oracle of Delphi.
    Level 8:
       An armor shop.
       Stairs up to Sokoban, level 7.
    Level 9: "-"
    Level 10:
       A fountain, a grave.
    Level 11:
       A very big room.
    Level 12:
    Level 13:
    Level 14:
       Portal to The Quest.
    Level 15:
       A fountain.
    Level 16:
       A primitive area.
    Level 17:
       A fountain.
    Level 18:
       Some fountains.
    Level 19:
       A fountain.
    Level 20:
       Some graves.
    Level 21:
       A fountain.
    Level 22:
       Many trees.
    Level 23:
    Level 24:
    Level 25:
       A throne, a fountain.
       The castle.
       Connection to Gehennom.
 Gehennom: levels 26 to 40
    Level 26:
       A temple and an altar, many graves.
       Valley of the Dead.
    Level 27:
    Level 28:
    Level 29:
    Level 30:
    Level 31:
    Level 32:
    Level 33:
    Level 34:
    Level 35:
       Some shops, an altar, some graves.
    Level 36:
    Level 37:
    Level 38:
    Level 39:
    Level 40: <- You were here.
       Final resting place for
          you, killed by a jabberwock.
 The Gnomish Mines: levels 3 to 10
    Level 3:
    Level 4:
    Level 5:
       Many shops, a temple and an altar, some fountains.
    Level 6:
    Level 7:
    Level 8:
    Level 9:
    Level 10:
 The Quest: levels 1 to 6
    Level 1:
       A temple and an altar, many trees.
       Completed quest for the Arch Priest.
    Level 2:
       Some graves.
    Level 3:
       A temple and an altar, many graves.
    Level 4:
       Many graves.
    Level 5:
       Many graves.
    Level 6:
 Sokoban: levels 7 up to 4
    Level 4:
       Solved.
    Level 5:
       Solved.
    Level 6:
       Solved.
    Level 7:
       Solved.


Vanquished creatures:
    Asmodeus
    Baalzebub
    Orcus
    Yeenoghu
    Juiblex
 an arch-lich
    Medusa
  a master lich
  a storm giant
    Nalzok
  a purple worm
  a silver dragon
  a white dragon
 an orange dragon
  a black dragon
  2 blue dragons
  a yellow dragon
 11 minotaurs
  a demilich
  a pit fiend
  4 hell hounds
  a displacer beast
  3 trappers
  2 baby red dragons
 13 vampire leaders
  4 skeletons
  5 shopkeepers
  6 shades
  5 liches
  a nurse
 an ice devil
  2 nalfeshnees
  a lurker above
  2 ettins
 32 vampires
  4 lieutenants
  a watch captain
 56 ghosts
  a queen bee
  a winged gargoyle
  5 giant mimics
  2 long worms
  2 zruties
  2 ogre tyrants
  4 ice trolls
  2 rock trolls
  2 umber hulks
  a flesh golem
  a doppelganger
  2 hezrous
  a bone devil
  4 large mimics
  2 wumpuses
  a fire vortex
  2 couatls
  6 stalkers
  5 air elementals
  4 fire elementals
 an earth elemental
  3 water elementals
  a hill giant
  3 giant mummies
  4 black nagas
  5 xorns
 12 giant zombies
 10 sergeants
  4 barbed devils
  3 vrocks
  a salamander
  2 wargs
  a winter wolf
 10 small mimics
  4 warhorses
  3 xans
 an ettin mummy
 an ogre leader
  5 quantum mechanics
  9 trolls
  2 sasquatches
  2 wood golems
  5 mariliths
  4 sharks
  4 gelatinous cubes
  3 pyrolisks
  a large dog
  4 freezing spheres
  2 flaming spheres
 10 shocking spheres
  a large cat
  3 tigers
  2 gargoyles
  2 dwarf rulers
  6 tengu
  6 ochre jellies
  5 leocrottas
  6 stone giants
  5 elf mummies
  2 human mummies
  a red naga
  3 pythons
  3 pit vipers
  2 cobras
 68 wraiths
  7 carnivorous apes
 23 ettin zombies
  a leather golem
  2 Grey-elves
 48 soldiers
  4 watchmen
  2 amorous demons
  4 horned devils
  3 chameleons
  6 crocodiles
  7 giant beetles
  8 quivering blobs
 16 cockatrices
 22 wolves
  6 winter wolf cubs
  2 lynxes
  3 panthers
  4 gremlins
  2 spotted jellies
 53 leprechauns
  3 orc-captains
  2 iron piercers
  a mumak
  6 giant spiders
  5 scorpions
  8 horses
  6 ice vortices
  7 black lights
  6 vampire bats
  2 forest centaurs
  4 gnome rulers
  5 orc mummies
  6 dwarf mummies
  2 ogres
  3 brown puddings
  6 rust monsters
 12 owlbears
  5 yetis
  2 gold golems
  3 werewolves
  6 Green-elves
  2 giant eels
 10 lizards
  3 dingoes
  5 dogs
  5 jaguars
  a dwarf leader
  6 blue jellies
  2 white unicorns
  a gray unicorn
  7 dust vortices
 25 ravens
  6 plains centaurs
  6 gnome mummies
  7 snakes
  6 apes
106 human zombies
  5 rope golems
  6 Woodland-elves
 12 soldier ants
 22 fire ants
  2 bugbears
 an imp
  7 wood nymphs
  6 water nymphs
  3 mountain nymphs
 13 Mordor orcs
 41 Uruk-hai
  3 orc shamans
 11 rock piercers
  7 rock moles
  8 ponies
 20 fog clouds
  9 yellow lights
  3 shriekers
  5 violet fungi
 21 gnome leaders
  8 gnomish wizards
  5 kobold mummies
  4 gray oozes
  a barrow wight
 22 elf zombies
 19 ghouls
  5 straw golems
  4 paper golems
  a baby crocodile
 21 giant ants
  5 little dogs
 10 floating eyes
  7 kittens
 26 dwarves
  2 homunculi
  a kobold leader
  2 kobold shamans
 45 hill orcs
 21 rothes
  a rabid rat
  7 centipedes
  6 giant bats
  a monkey
 20 orc zombies
 17 dwarf zombies
  2 wererats
  3 werejackals
 15 iguanas
 41 killer bees
  9 acid blobs
 17 coyotes
  4 gas spores
 13 hobbits
  7 manes
  3 large kobolds
  6 hobgoblins
 10 giant rats
  9 cave spiders
  a brown mold
  5 yellow molds
  6 green molds
 69 gnomes
  5 garter snakes
 21 gnome zombies
 15 geckos
  3 jackals
  2 foxes
  a kobold
  6 goblins
  3 sewer rats
 14 grid bugs
  4 bats
  9 lichens
 23 kobold zombies
 19 newts
1791 creatures vanquished.

Extinct species:
 wraiths (extinct)
 human zombies (extinct)
2 species extinct.

Game over:
                       ----------
                      /          \
                     /    REST    \
                    /      IN      \
                   /     PEACE      \
                  /                  \
                  |   Evilparsnips   |
                  |       0 Au       |
                  |   killed by a    |
                  |    jabberwock    |
                  |                  |
                  |                  |
                  |       2026       |
                 *|     *  *  *      | *
        _________)/\\_//(\/(/\)/\//\/|_)_______

Goodbye Evilparsnips the Priest...

You died in Gehennom on dungeon level 40 with 581359 points,
and 0 pieces of gold, after 44758 moves.
You were level 18 with a maximum of 168 hit points when you died.

